Map: Catalyst LE

Players

EGG

  • Race: Zerg Zerg
  • League: Grandmaster
  • Spawn Location: 11:00

JonSnow - Winner!

  • Race: Zerg Zerg
  • League: Master
  • Spawn Location: 5:00

VOD

Have the link to the VOD?

Description

Time

  • Played on: Feb. 1, 2018, 3:15 p.m.
  • Length: 9:11
Show
View Real Time Build Order
Export as new Build Order

EGG Zerg 

Build Orders: Hatch First 

Get SALT Encoding   

  12  0:00  Drone  
  13  0:12  Overlord  
  13  0:17  Drone  
  14  0:30  Drone x2  
  14  0:34  Drone  
  17  0:51  Hatchery  
  17  0:54  Drone  
  17  0:57  Drone  
  17  1:04  Extractor  
  17  1:13  Spawning Pool  
  17  1:16  Drone  
  17  1:19  Drone  
  18  1:28  Drone  
  19  1:39  Overlord  
  19  1:51  Drone  
  20  1:59  Queen  
  20  2:01  Zergling x2  
  23  2:03  Queen  
  23  2:04  Zergling x2  
  23  2:07  Metabolic Boost  
  26  2:11  Drone  
  26  2:14  Drone  
  28  2:21  Drone  
  29  2:35  Hatchery  
  28  2:38  Drone  
  28  2:41  Drone  
  28  2:42  Drone  
  31  2:46  Overlord  
  31  2:54  Baneling Nest  
  31  2:55  Drone  
  30  3:11  Zergling x12  
  30  3:12  Zergling x2  
  36  3:20  Overlord  
  36  3:22  Drone x2  
  36  3:25  Drone  
  39  3:37  Baneling  
  39  3:39  Drone x2  
  41  3:41  Extractor  
  41  3:43  Overlord  
  41  3:45  Roach Warren  
  39  3:49  Zergling x6  
  39  3:51  Zergling x2  
  39  3:55  Drone x2  
  44  4:15  Drone x3  
  44  4:16  Drone x4  
  50  4:21  Baneling  
  50  4:22  Queen, Baneling  
  52  4:25  Roach  
  52  4:26  Roach x2  
  52  4:28  Baneling  
  52  4:29  Baneling  
  58  4:34  Zergling x4  
  58  4:35  Zergling x2  
  56  4:48  Roach x4, Zergling x6  
  58  5:06  Roach  
  52  5:15  Drone x6  
  53  5:24  Roach x3  
  59  5:35  Baneling  
  59  5:38  Roach  
  59  5:41  Zergling x2  
  62  5:44  Overlord x2  
  62  5:49  Queen  
  58  5:50  Extractor  
  58  5:55  Overlord  
  57  5:59  Drone x2  
  57  6:00  Overlord  
  57  6:01  Overlord  
  57  6:03  Drone x3  
  60  6:04  Drone  
  60  6:10  Lair  
  61  6:17  Evolution Chamber  
  60  6:20  Drone x3  
  60  6:23  Drone  
  64  6:31  Roach x3  
  70  6:42  Zerg Missile Weapons Level 1  
  70  6:44  Drone x3  
  70  6:45  Drone x2  
  75  6:48  Extractor  
  73  6:56  Roach x2  
  76  7:08  Hydralisk Den  
  76  7:09  Drone  
  76  7:10  Glial Reconstitution  
  76  7:15  Hatchery  
  75  7:18  Roach x3  
  81  7:29  Overseer  
  81  7:34  Overlord x2  
  81  7:37  Lurker Den  
  81  7:38  Drone  
  81  7:39  Hydralisk x2  
  85  7:46  Hydralisk  
  87  7:57  Roach  
  87  7:58  Roach x4  
  97  8:03  Roach x2  
  102  8:12  Roach x4  
Show
View Real Time Build Order
Export as new Build Order

JonSnow Zerg - Winner!

Build Orders: Hatch First, Zergling Baneling 

Get SALT Encoding   

  12  0:00  Drone  
  13  0:13  Overlord  
  13  0:17  Drone  
  14  0:32  Drone x2  
  16  0:36  Drone  
  17  0:53  Hatchery  
  16  0:59  Drone  
  17  1:10  Spawning Pool  
  16  1:12  Drone  
  16  1:15  Drone  
  18  1:19  Extractor  
  18  1:20  Drone  
  18  1:32  Drone  
  19  1:41  Drone  
  20  1:57  Queen, Overlord  
  22  2:05  Queen  
  22  2:06  Zergling x4  
  26  2:11  Drone  
  27  2:17  Drone  
  27  2:21  Metabolic Boost  
  28  2:24  Drone  
  28  2:28  Drone  
  30  2:34  Zergling x2  
  31  2:37  Drone  
  34  2:48  Hatchery  
  32  2:51  Drone x2  
  33  3:01  Overlord  
  33  3:04  Baneling Nest  
  31  3:13  Drone x4  
  31  3:14  Overlord  
  31  3:18  Queen  
  37  3:26  Zergling x2  
  37  3:27  Zergling x4  
  40  3:36  Zergling x6  
  43  3:42  Zergling x2  
  44  3:50  Baneling x5  
  44  3:52  Zergling x4  
  46  4:02  Zergling x12  
  50  4:14  Zergling x2  
  50  4:15  Zergling x4  
  52  4:21  Zergling x6  
  52  4:22  Zergling x2  
  55  4:25  Overlord  
  55  4:27  Extractor  
  54  4:31  Roach Warren  
  52  4:39  Baneling x2  
  52  4:40  Zergling x10  
  57  4:51  Baneling x3  
  53  4:57  Zergling x18  
  59  5:04  Drone x4  
  60  5:08  Zergling x2  
  60  5:10  Drone  
  51  5:23  Drone x6  
  56  5:34  Overlord  
  56  5:50  Roach x6  
  63  5:59  Roach x2  
  63  6:00  Roach x3  
  73  6:06  Overlord  
  73  6:07  Overlord x2  
  73  6:16  Drone  
  74  6:20  Overlord  
  74  6:23  Overlord  
  74  6:31  Drone x9  
  82  6:35  Extractor  
  80  6:47  Overlord  
  80  6:53  Queen  
  81  6:58  Roach  
  81  6:59  Roach x6  
  95  7:08  Roach x4  
  103  7:14  Roach x3  
  111  7:15  Roach  
  111  7:18  Overlord  
  111  7:20  Overlord  
  111  7:30  Zergling x12  
  118  7:40  Zergling x4  
  118  7:45  Zergling x10  
  118  7:49  Unknown  
  123  7:53  Overlord  
  123  7:55  Ravager x3  
  123  7:56  Ravager x2  
  123  7:57  Zergling x8  
  132  8:04  Ravager  
  133  8:05  Zergling x6  
  133  8:06  Baneling  
  133  8:12  Evolution Chamber  
  134  8:14  Zergling x2  
  134  8:15  Zergling x10  
Tags
 
Add a new tag
Caveats
  • Supply blocks, unpowered buildings, or Contaminate may cause inaccurate times.
  • Supply counts are checked every 10 seconds.